AoeStats
← javicuevas1b

MegaRandom

505511673Analyzed
1v1 RM · 24d ago on Sep 9, 2026· 58m 14s· 2 players
Game mode
Random Map
Map size
Tiny (2 player)
Population
200
Speed
Normal
Resources
Standard
Victory
Conquest
Starting age
Dark Age
Ending age
Imperial Age
RankedLock teamsTeams togetherTeam positionsShared explorationLock speedFull tech treeHidden civsTurbo modeCheats
Victory
Defeat
🇪🇸 Poles · Spain
646
+16
🇳🇿 Bohemians · New Zealand
641
-16
Wildpokerman
2:33 Loom
12:12 Feudal Age
12:38 Double-Bit Axe
15:18 Wheelbarrow
14:33 Fishing Lines
16:10 Town Watch
22:33 Castle Age
22:15 Fletching
23:46 Gillnets
26:17 Medium Warships
30:27 Hand Cart
30:41 Horse Collar
32:15 Murder Holes
32:44 Ballistics
34:20 Scale Mail Armor
38:31 Imperial Age
38:35 Chemistry
38:20 Masonry
38:46 Elite Cannon Galleon
40:31 Conscription
40:20 Wagenburg Tactics
42:37 Arrowslits
43:30 Heavy Warships
51:52 Forging
52:28 Pikeman
javicuevas1b
10:57 Feudal Age
12:08 Double-Bit Axe
13:05 Loom
16:57 Castle Age
17:48 Horse Collar
22:35 Wheelbarrow
22:07 Heavy Plow
22:21 Bow Saw
22:38 Forging
22:30 Gold Mining
24:39 Stone Mining
25:28 Elite Skirmisher
26:02 Fletching
27:19 Husbandry
27:50 Fervor
28:17 Hand Cart
29:11 Thumb Ring
29:49 Bloodlines
31:17 Stone Shaft Mining
37:13 Imperial Age
35:38 Town Watch
37:19 Iron Casting
36:41 Bodkin Arrow
36:34 Treadmill Crane
37:16 Ballistics
39:56 Blast Furnace
39:04 Scale Barding Armor
38:22 Cavalier
40:03 Conscription
40:14 Szlachta Privileges
41:07 Crop Rotation
43:10 Chain Barding Armor
45:50 Scale Mail Armor
50:31 Spies/Treason
Connection lost

Rejoining the realm…

Still unreachable

The connection could not be restored.

Session expired

The server has moved on; the page needs a fresh start.